SNL (28 & UNDER)
KEY WEST BARRACUDAS @ SALEM SILVER SOULS
04/28/2030
 
TOP OF THE 1ST
Key West Barracudas batting - Pitching for Salem Silver Souls : RHP Rafael García
Pitching: RHP Rafael García
Batting: RHB Ramiro Javier 0-0: Ball
1-0: Ground out 4-3 (Groundball, 4)
Batting: RHB Ramón Díaz 0-0: Called Strike
0-1: Ball
1-1: Ball
2-1: Swinging Strike
2-2: Fly out, F8 (Flyball, 8RM)
Batting: RHB Rob DeWitt 0-0: Ball
1-0: Foul Ball, location: 2F
1-1: Ball
2-1: Ball
3-1: Base on Balls
Batting: RHB Cris Lugo 0-0: Ball
1-0: Foul Ball, location: 2F
1-1: Fly out, F6 (Popup, 6M)
Top of the 1st over - 0 runs, 0 hits, 0 errors, 1 left on base; Key West 0 - Salem 0
BOTTOM OF THE 1ST
Salem Silver Souls batting - Pitching for Key West Barracudas : RHP Dale Polk
Pitching: RHP Dale Polk
Batting: LHB Felipe Rivera 0-0: Ball
1-0: Foul Ball, location: 2F
1-1: Ball
2-1: Foul Ball, location: 2F
2-2: Ground out 2-3 (Groundball, 15S)
Batting: RHB Júlio Rodríguez 0-0: Foul Ball, location: 2F
0-1: Foul Ball, location: 2F
0-2: Ball
1-2: Strikes out swinging
Batting: LHB Hamilton Hughes 0-0: Ball
1-0: Reached via error on a dropped throw, E3
Batting: LHB Howard Holder 0-0: Called Strike
0-1: Ball
1-1: SINGLE (Flyball, 7)
Hamilton Hughes to second
Batting: LHB Luis Aragón Balk!
Hamilton Hughes to third
Howard Holder to second
0-0: Ball
1-0: Swinging Strike
1-1: Ball
2-1: Foul Ball, location: 2F
2-2: Ball
3-2: SINGLE (Groundball, 4MD)
Hamilton Hughes scores
Howard Holder to third
Howard Holder scores
Batting: LHB José Guillén 0-0: Foul Ball, location: 2F
0-1: Foul Ball, location: 2F
0-2: Ground out U3 (Groundball, 23)
Bottom of the 1st over - 2 runs, 2 hits, 1 error, 1 left on base; Key West 0 - Salem 2
TOP OF THE 2ND
Key West Barracudas batting - Pitching for Salem Silver Souls : RHP Rafael García
Batting: SHB Brock Owens 0-0: Called Strike
0-1: Hit by Pitch
Batting: LHB Howard White 0-0: Ball
1-0: Swinging Strike
1-1: Called Strike
1-2: Strikes out swinging
Batting: RHB Anastasio Zartuche 0-0: Ball
1-0: Ball
Brock Owens is caught stealing 2nd base
2-0: Ground out U3 (Groundball, 3)
Top of the 2nd over - 0 runs, 0 hits, 0 errors, 0 left on base; Key West 0 - Salem 2
BOTTOM OF THE 2ND
Salem Silver Souls batting - Pitching for Key West Barracudas : RHP Dale Polk
Batting: RHB Chris Hall 0-0: Ball
1-0: Ball
2-0: Called Strike
2-1: SINGLE (Line Drive, 4MD)
Batting: SHB Dale Winters 0-0: Called Strike
Chris Hall steals 2nd base
0-1: Ball
1-1: 2-RUN HOME RUN (Flyball, 7LD), Distance : 357 ft
Batting: RHB José Dávila 0-0: Ball
1-0: Ball
2-0: Called Strike
2-1: Foul Ball, location: 2F
2-2: Strikes out swinging
Batting: LHB Felipe Rivera 0-0: Ball
1-0: Ball
2-0: Ball
3-0: Called Strike
3-1: Base on Balls
Batting: RHB Júlio Rodríguez 0-0: Ball
1-0: Called Strike
1-1: Ball
2-1: Ball
3-1: Base on Balls
Felipe Rivera to second
Batting: LHB Hamilton Hughes 0-0: Ball
1-0: Ball
2-0: Called Strike
2-1: Called Strike
2-2: Foul Ball, location: 2F
2-2: Foul Ball, location: 2F
2-2: Foul Ball, location: 2F
2-2: SINGLE (Groundball, 4MD)
Felipe Rivera to third
Júlio Rodríguez to second
Runner from 3rd tries for Home, SAFE, no throw
Batting: LHB Howard Holder 0-0: Called Strike
0-1: Ball
1-1: Ball
2-1: Foul Ball, location: 2F
2-2: Strikes out looking
Batting: LHB Luis Aragón 0-0: Ball
1-0: Ball
2-0: Ball
3-0: Called Strike
3-1: Called Strike
3-2: Fly out, F7 (Line Drive, 7)
Bottom of the 2nd over - 3 runs, 3 hits, 0 errors, 2 left on base; Key West 0 - Salem 5
TOP OF THE 3RD
Key West Barracudas batting - Pitching for Salem Silver Souls : RHP Rafael García
Batting: LHB Mauro Díaz 0-0: Called Strike
0-1: Ball
1-1: Foul Ball, location: 2F
1-2: Strikes out swinging
Batting: LHB Juan Lima 0-0: Called Strike
0-1: SINGLE (Groundball, 4MD)
Batting: RHB Ramiro Javier 0-0: Ball
1-0: Called Strike
1-1: Ground out U3 (Groundball, 34S)
Juan Lima to second
Batting: RHB Ramón Díaz 0-0: Ball
1-0: Ball
2-0: Ball
3-0: Base on Balls
Batting: RHB Rob DeWitt 0-0: Swinging Strike
0-1: Fly out, F7 (Flyball, 7LMF)
Top of the 3rd over - 0 runs, 1 hit, 0 errors, 2 left on base; Key West 0 - Salem 5
BOTTOM OF THE 3RD
Salem Silver Souls batting - Pitching for Key West Barracudas : RHP Dale Polk
Batting: LHB José Guillén 0-0: Ball
1-0: Ground out 4-3 (Groundball, 4)
Batting: RHB Chris Hall 0-0: Ball
1-0: Called Strike
1-1: Swinging Strike
1-2: Ball
2-2: Ball
3-2: Base on Balls
Batting: SHB Dale Winters 0-0: Called Strike
0-1: 2-RUN HOME RUN (Flyball, 7LD), Distance : 363 ft
Batting: RHB José Dávila 0-0: Ball
1-0: Called Strike
1-1: Swinging Strike
1-2: Foul Ball, location: 2F
1-2: Ground out 3-1 (Groundball, 34S)
Batting: LHB Felipe Rivera 0-0: Swinging Strike
0-1: Swinging Strike
0-2: Hit by Pitch
Batting: RHB Júlio Rodríguez 0-0: Ball
Felipe Rivera is caught stealing 2nd base
Bottom of the 3rd over - 2 runs, 1 hit, 0 errors, 0 left on base; Key West 0 - Salem 7
TOP OF THE 4TH
Key West Barracudas batting - Pitching for Salem Silver Souls : RHP Rafael García
Batting: RHB Cris Lugo 0-0: Ball
1-0: Ball
2-0: Ball
3-0: Base on Balls
Batting: SHB Brock Owens 0-0: Foul Ball, location: 2F
0-1: Ball
1-1: Ground out 3-1 (Groundball, 34S)
Cris Lugo to second
Batting: LHB Howard White 0-0: Swinging Strike
0-1: Swinging Strike
0-2: Ball
1-2: Ball
2-2: Foul Ball, location: 2F
2-2: Foul Ball, location: 2F
2-2: Ball
3-2: SINGLE (Line Drive, 4M)
Cris Lugo to third
Runner from 3rd tries for Home, SAFE, no throw
Batting: RHB Anastasio Zartuche 0-0: Called Strike
0-1: Foul Ball, location: 2F
0-2: Ball
1-2: Ball
2-2: Ball
3-2: Fly out, F7 (Line Drive, 78S)
Batting: LHB Mauro Díaz 0-0: Ball
1-0: Foul Ball, location: 2F
1-1: Foul Ball, location: 2F
1-2: Foul Ball, location: 2F
1-2: Ball
2-2: Foul Ball, location: 2F
2-2: Fly out, F8 (Flyball, 89D)
Top of the 4th over - 1 run, 1 hit, 0 errors, 1 left on base; Key West 1 - Salem 7
BOTTOM OF THE 4TH
Salem Silver Souls batting - Pitching for Key West Barracudas : RHP Dale Polk
Pitching: LHP Stanley Wise
Batting: RHB Júlio Rodríguez 0-0: Ball
1-0: Ball
2-0: Ball
3-0: Called Strike
3-1: Base on Balls
Batting: LHB Hamilton Hughes 0-0: Foul Ball, location: 2F
0-1: Ball
1-1: Foul Ball, location: 2F
1-2: Ball
2-2: Foul Ball, location: 2F
2-2: Foul Ball, location: 2F
2-2: Strikes out looking
Batting: LHB Howard Holder 0-0: Called Strike
0-1: Ball
1-1: Swinging Strike
1-2: Strikes out swinging
Júlio Rodríguez steals 2nd base
Batter strikes out.
Batting: LHB Luis Aragón 0-0: Ball
1-0: 2-RUN HOME RUN (Flyball, 9D), Distance : 393 ft
Batting: LHB José Guillén 0-0: Foul Ball, location: 2F
0-1: Foul Ball, location: 2F
0-2: Ball
1-2: Strikes out swinging
Bottom of the 4th over - 2 runs, 1 hit, 0 errors, 0 left on base; Key West 1 - Salem 9
TOP OF THE 5TH
Key West Barracudas batting - Pitching for Salem Silver Souls : RHP Rafael García
Batting: LHB Juan Lima 0-0: Called Strike
0-1: Ball
1-1: Ball
2-1: Ball
3-1: Ground out 4-3 (Groundball, 4S)
Batting: RHB Ramiro Javier 0-0: Ball
1-0: Called Strike
1-1: Ball
2-1: Foul Ball, location: 2F
2-2: Ball
3-2: Base on Balls
Batting: RHB Ramón Díaz 0-0: Called Strike
0-1: Swinging Strike
0-2: Strikes out looking
Batting: RHB Rob DeWitt 0-0: Foul Ball, location: 2F
0-1: Ball
1-1: Ball
2-1: Ground out 6-3 (Groundball, 56)
Top of the 5th over - 0 runs, 0 hits, 0 errors, 1 left on base; Key West 1 - Salem 9
BOTTOM OF THE 5TH
Salem Silver Souls batting - Pitching for Key West Barracudas : LHP Stanley Wise
Batting: RHB Chris Hall 0-0: Ball
1-0: Foul Ball, location: 2F
1-1: Foul Ball, location: 2F
1-2: Strikes out swinging
Batting: SHB Dale Winters 0-0: Foul Ball, location: 2F
0-1: Swinging Strike
0-2: Ball
1-2: Ball
2-2: Ball
3-2: Base on Balls
Batting: RHB José Dávila 0-0: Called Strike
0-1: Foul Ball, location: 2F
0-2: Foul Ball, location: 2F
0-2: Fly out, F8 (Flyball, 8LD)
Batting: LHB Felipe Rivera 0-0: Ball
1-0: SINGLE (Groundball, 4D)
Dale Winters to second
Runner from 2nd tries for 3rd, SAFE, no throw
Batting: RHB Júlio Rodríguez 0-0: Ball
1-0: Called Strike
1-1: Called Strike
1-2: Strikes out swinging
Bottom of the 5th over - 0 runs, 1 hit, 0 errors, 2 left on base; Key West 1 - Salem 9
TOP OF THE 6TH
Key West Barracudas batting - Pitching for Salem Silver Souls : RHP Rafael García
Batting: RHB Cris Lugo 0-0: Ball
1-0: DOUBLE (Line Drive, 7LM)
Batting: SHB Brock Owens 0-0: Fly out, F8 (Flyball, 78S)
Batting: LHB Howard White 0-0: Called Strike
0-1: Foul Ball, location: 2F
0-2: Foul Ball, location: 2F
0-2: Fly out, F9 (Flyball, 9)
Runner from 2nd tags up, SAFE at 3rd with throw
Batting: RHB Anastasio Zartuche 0-0: Ball
1-0: SINGLE (Line Drive, 6MD)
Cris Lugo scores
Batting: LHB Mauro Díaz 0-0: Called Strike
0-1: Called Strike
0-2: Ball
1-2: Strikes out swinging
Top of the 6th over - 1 run, 2 hits, 0 errors, 1 left on base; Key West 2 - Salem 9
BOTTOM OF THE 6TH
Salem Silver Souls batting - Pitching for Key West Barracudas : LHP Stanley Wise
Batting: LHB Hamilton Hughes 0-0: Ball
1-0: Foul Ball, location: 2F
1-1: Ball
2-1: Ball
3-1: Base on Balls
Batting: LHB Howard Holder 0-0: Foul Ball, location: 2F
0-1: Fly out, F7 (Flyball, 7S)
Batting: LHB Luis Aragón 0-0: Swinging Strike
0-1: Ball
1-1: Foul Ball, location: 2F
1-2: Ball
2-2: Foul Ball, location: 2F
2-2: Ball
3-2: Strikes out swinging
Batting: LHB José Guillén 0-0: Called Strike
0-1: Swinging Strike
0-2: Ball
1-2: Foul Ball, location: 2F
1-2: Ball
2-2: Ball
3-2: Strikes out looking
Bottom of the 6th over - 0 runs, 0 hits, 0 errors, 1 left on base; Key West 2 - Salem 9
TOP OF THE 7TH
Key West Barracudas batting - Pitching for Salem Silver Souls : RHP Rafael García
Batting: LHB Juan Lima 0-0: Ball
1-0: Called Strike
1-1: Ball
2-1: Ball
3-1: Base on Balls
Batting: RHB Ramiro Javier 0-0: Called Strike
0-1: Foul Ball, location: 2F
0-2: Ball
1-2: Ball
2-2: Ball
3-2: Foul Ball, location: 2F
3-2: Foul Ball, location: 2F
3-2: Foul Ball, location: 2F
3-2: Fly out, F9 (Flyball, 9LS)
Pitching: LHP Reynaldo Vázquez
Batting: RHB Ramón Díaz 0-0: Called Strike
0-1: Ball
1-1: Ball
2-1: Foul Ball, location: 2F
2-2: Ball
Passed Ball!
Juan Lima to second
3-2: SINGLE (Line Drive, 8LS)
Juan Lima to third
Batting: RHB Rob DeWitt 0-0: Called Strike
0-1: Ball
1-1: Fly out, F9 (Flyball, 89M)
Runner from 3rd tags up, SCORES, no throw
Batting: RHB Cris Lugo 0-0: Called Strike
0-1: Swinging Strike
0-2: Foul Ball, location: 2F
0-2: Fielders Choice at 2nd, 6-4 (Groundball, 6)
Top of the 7th over - 1 run, 1 hit, 0 errors, 1 left on base; Key West 3 - Salem 9
BOTTOM OF THE 7TH
Salem Silver Souls batting - Pitching for Key West Barracudas : LHP Stanley Wise
Pitching: RHP Mathew Wilcox
Batting: RHB Chris Hall 0-0: SINGLE (Groundball, 5D)
Batting: SHB Dale Winters 0-0: Ball
Chris Hall steals 2nd base
1-0: Ball
2-0: Ball
3-0: Called Strike
3-1: Base on Balls
Batting: RHB José Dávila 0-0: Called Strike
0-1: Ball
1-1: Swinging Strike
1-2: Ball
2-2: Fly out, F9 (Flyball, 9)
Batting: LHB Felipe Rivera 0-0: Ball
1-0: Called Strike
Chris Hall steals 3rd base
1-1: Foul Ball, location: 2F
1-2: Ball
Dale Winters steals 2nd base
2-2: Foul Ball, location: 2F
2-2: Foul Ball, location: 2F
2-2: Fly out, F8 (Flyball, 8LD)
Runner from 3rd tags up, SCORES, no throw
Batting: RHB Júlio Rodríguez 0-0: Ball
1-0: Ball
2-0: Ball
3-0: Base on Balls
Batting: LHB Hamilton Hughes 0-0: Ball
1-0: SINGLE (Line Drive, 89M)
Dale Winters to third
Júlio Rodríguez to second
Runner from 3rd tries for Home, SAFE, throw made at trailing runner, OUT at third!
Bottom of the 7th over - 2 runs, 2 hits, 0 errors, 1 left on base; Key West 3 - Salem 11
TOP OF THE 8TH
Key West Barracudas batting - Pitching for Salem Silver Souls : LHP Reynaldo Vázquez
Batting: SHB Brock Owens 0-0: Foul Ball, location: 2F
0-1: SINGLE (Groundball, 34D)
Batting: LHB Howard White 0-0: Ball
1-0: Ball
Wild Pitch!
Brock Owens to second
2-0: Called Strike
2-1: Ball
3-1: Foul Ball, location: 2F
3-2: SINGLE (Groundball, 34S) (infield hit)
Brock Owens to third
Batting: RHB Anastasio Zartuche 0-0: Grounds into double play, 5-4-3 (Groundball, 56)
Brock Owens scores
Batting: LHB Mauro Díaz 0-0: Called Strike
0-1: Ball
1-1: Ball
2-1: Ball
3-1: Base on Balls
Batting: LHB Juan Lima 0-0: SINGLE (Groundball, 4D)
Mauro Díaz to second
Runner from 2nd tries for 3rd, SAFE, no throw
Batting: RHB Ramiro Javier 0-0: Foul Ball, location: 2F
0-1: Ball
1-1: Foul Ball, location: 2F
1-2: Foul Ball, location: 2F
1-2: Foul Ball, location: 2F
1-2: Ground out U3 (Groundball, 34)
Top of the 8th over - 1 run, 3 hits, 0 errors, 2 left on base; Key West 4 - Salem 11
BOTTOM OF THE 8TH
Salem Silver Souls batting - Pitching for Key West Barracudas : RHP Mathew Wilcox
Batting: LHB Howard Holder 0-0: SINGLE (Flyball, 7S)
Batting: LHB Luis Aragón 0-0: Ball
1-0: Ball
2-0: Ball
Wild Pitch!
Howard Holder to second
3-0: Base on Balls
Batting: LHB José Guillén 0-0: Foul Ball, location: 2F
0-1: Swinging Strike
0-2: Strikes out looking
Batting: RHB Chris Hall 0-0: Foul Ball, location: 2F
0-1: Ball
1-1: Foul Ball, location: 2F
1-2: Ball
2-2: Fly out, F8 (Flyball, 8LM)
Batting: SHB Dale Winters 0-0: Ball
1-0: Ball
2-0: Ball
3-0: Base on Balls
Howard Holder to third
Luis Aragón to second
Batting: RHB José Dávila 0-0: Called Strike
0-1: Foul Ball, location: 2F
0-2: Strikes out swinging
Bottom of the 8th over - 0 runs, 1 hit, 0 errors, 3 left on base; Key West 4 - Salem 11
TOP OF THE 9TH
Key West Barracudas batting - Pitching for Salem Silver Souls : LHP Reynaldo Vázquez
Batting: RHB Ramón Díaz 0-0: Called Strike
0-1: Ball
1-1: Ball
2-1: Fly out, F7 (Flyball, 78S)
Batting: RHB Rob DeWitt 0-0: Swinging Strike
0-1: Foul Ball, location: 2F
0-2: Ball
1-2: Strikes out swinging
Batting: RHB Cris Lugo 0-0: Swinging Strike
0-1: SINGLE (Line Drive, 9S)
Batting: SHB Brock Owens 0-0: Ball
1-0: Foul Ball, location: 2F
1-1: Ball
2-1: Ground out 5-3 (Groundball, 2L)
Top of the 9th over - 0 runs, 1 hit, 0 errors, 1 left on base; Key West 4 - Salem 11
Saturday, April 7th, 2018 - OOTP Baseball 18.8 Build 76